 Dungeon Crawl Stone Soup version 0.27-a0-860-gaf99fae3ca (webtiles) character file.

Game seed: 12940739260544328385

158 rageheart7 the Cutter (level 5, 0/32 HPs)
             Began as a Vampire Gladiator on Apr 1, 2021.
             Slain by a scorpion (2 damage)
             ... on level 4 of the Dungeon.
             The game lasted 00:04:39 (3630 turns).

rageheart7 the Cutter (Vampire Gladiator)           Turns: 3630, Time: 00:04:40

Health: 0/32       AC:  5    Str: 12 (14) XL:     5   Next: 16%
Magic:  5/5        EV: 12    Int:  9 (11) God:
Gold:   113        SH:  0    Dex: 13 (15) Spells: 4/4 levels left

rFire    . . .     SeeInvis +   q - +1 dagger (speed)
rCold    + + .     Faith    .   (no shield)
rNeg     + + +     Spirit   .   b - +0 leather armour
rPois    ∞         Reflect  .   c - +0 helmet
rElec    .         Harm     .   (no cloak)
rCorr    .         Rampage  .   i - +0 pair of gloves
Will     .....                  (no boots)
Stlth    ++++......             (no amulet)
HPRegen  0.00/turn              (no ring)
MPRegen  0.09/turn              (no ring)

@: bloodless
A: bloodless, fangs 3, see invisible, unbreathing 1, vampiric 2
a: Bat Form, Revivify


You were on level 4 of the Dungeon.
You visited 1 branch of the dungeon, and saw 4 of its levels.

You collected 113 gold pieces.

Inventory:

Hand Weapons
 a - a +0 rapier
 q - a +1 dagger of speed (weapon)
Missiles
 d - 3 throwing nets (quivered)
 s - 4 curare-tipped darts
Armour
 b - a +0 leather armour (worn)
 c - a +0 helmet (worn)
 i - a +0 pair of gloves (worn)
Magical Staves
 t - a staff of death
Scrolls
 e - a scroll of identify {unknown}
 h - a scroll of noise {unknown}
 k - a scroll of silence {unknown}
 l - a scroll of enchant armour {unknown}
 p - a scroll of amnesia {unknown}
 r - 3 scrolls of teleportation {unknown}
Potions
 f - a potion of brilliance {unknown}
 g - a potion of magic {unknown}
 m - a potion of heal wounds {unknown}
 n - a potion of haste {unknown}
 o - a potion of attraction {unknown}


   Skills:
 * Level 3.4 Fighting
 * Level 4.8 Short Blades
 - Level 1.5 Throwing
 - Level 3.2 Dodging
 + Level 3.1 Stealth


You had 4 spell levels left.
You didn't know any spells.
Your spell library was empty.

Dungeon Overview and Level Annotations

Branches:
Dungeon (4/15)
 Temple: D:4-7

Altars:
Ashenzari

Shops:
D:1 !

Annotations:
D:4 Blork the orc


Innate Abilities, Weirdness & Mutations

You do not regenerate when monsters are visible.
You are frail without blood (-20% HP).
You can heal yourself when you bite living creatures.
You are immune to poison.
You have razor-sharp teeth.
You have supernaturally acute eyesight. (SInv)
You can survive without breathing.
You are afflicted with vampirism and can become a bat while bloodless.


Message History

The scorpion is heavily wounded.
The scorpion stings you but does no damage.
You hit the scorpion but do no damage.
The scorpion is heavily wounded.
The scorpion barely misses you.
You see here a dart slug corpse.
You hit the scorpion.
The scorpion is severely wounded.
You closely miss the scorpion.
The scorpion is severely wounded.
The scorpion stings you.
You barely miss the scorpion.
The scorpion is severely wounded.
You hit the scorpion but do no damage.
The scorpion is severely wounded.
The scorpion stings you.
You hit the scorpion but do no damage.
The scorpion is severely wounded.
The scorpion stings you.
You hit the scorpion but do no damage.
The scorpion is severely wounded.
You barely miss the scorpion.
The scorpion is severely wounded.
The scorpion stings you but does no damage.
You hit the scorpion but do no damage.
The scorpion is severely wounded.
You hit the scorpion.
The scorpion is almost dead.
The scorpion stings you!
* * * LOW HITPOINT WARNING * * *
You hit the scorpion but do no damage.
You bite the scorpion, but do no damage.
The scorpion is almost dead.
The scorpion closely misses you.
You closely miss the scorpion.
The scorpion is almost dead.
You hit the scorpion but do no damage.
The scorpion is almost dead.
The scorpion stings you.
You die...

#.....# ##..>....
#........ #........
#........ #### #........
#..#### #######g......$
#.....######...#@sg.......
#..##............#........
##....###......###........
#....## #.......##........
#.##.####.................
..............$####.......
#.##.###.....### .......
#............. ...##..
###..####......


You could see a scorpion, a hobgoblin and a goblin.

Vanquished Creatures
  A jelly (D:3)
  2 adders
  2 adder skeletons (D:4)
  A worm (D:3)
  2 dart slugs
  17 orcs
  6 ball pythons
  6 bats
  8 endoplasms
  8 goblins
  5 hobgoblins
  5 jackals
  A kobold (D:2)
  A quokka (D:4)
  A frilled lizard (D:3)
  6 rats
72 creatures vanquished.

Vanquished Creatures (others)
  A plant (D:3)
1 creature vanquished.

Grand Total: 73 creatures vanquished

Notes
Turn   | Place    | Note
-------+----------+-------------------------------------------
     0 | D:1      | rageheart7 the Vampire Gladiator began the quest for the
                  | Orb.
     0 | D:1      | Reached XP level 1. HP: 16/16 MP: 1/1
   151 | D:1      | Reached skill level 1 in Stealth
   154 | D:1      | Reached XP level 2. HP: 16/22 MP: 2/2
   331 | D:1      | Found Piof's Distillery.
   985 | D:2      | Found a faded altar of an unknown god.
  1065 | D:2      | Gained mutation: You are afflicted with vampirism and can
                  | become a bat while bloodless. [Vampire growth]
  1065 | D:2      | Reached XP level 3. HP: 28/28 MP: 3/3
  1502 | D:2      | Reached skill level 4 in Short Blades
  1660 | D:3      | Found a broken altar of Ashenzari.
  2079 | D:4      | Noticed Blork the orc
  2158 | D:3      | Reached XP level 4. HP: 31/34 MP: 4/4
  3053 | D:3      | HP: 1/28 [acid (1)]
  3054 | D:3      | Reached XP level 5. HP: 1/32 MP: 5/5
  3630 | D:4      | Slain by a scorpion

Illustrated notes

Levels and vault maps discovered:
D:1:      tarquinn_simple_flora_water_f, layout_loops_ring, serial_shops,
          nicolae_shop_trees, st_stairs_4, minmay_misc_feat_five
D:2:      layout_loops_ring, ebering_ecumenical_altar_rust,
          kennysheep_generic_room_15
D:3:      minmay_octagon_keep, layout_rooms, ashenzari_conservatory_becter,
          serial_forest, infiniplex_forest_straight_5, infiniplex_forest_end_2,
          infiniplex_forest_lined_room_3, infiniplex_forest_straight_3,
          infiniplex_forest_straight_1, infiniplex_forest_diagonal,
          infiniplex_forest_straight_2
D:4:      layout_rooms, general_overflow_altar, uniq_blork_the_orc,
          uniq_crazy_yiuf_cottage

Skill      XL: |  1  2  3  4 |
---------------+-------------+-----
Fighting       | 2 3 |  3.4
Stealth        | 1 2 3 |  3.1
Short Blades   | 4 |  4.8
Throwing       | |  1.5
Dodging        | |  3.2

Action                   |  1- 3 |  4- 6 || total
-------------------------+-------+-------++-------
Melee: Rapier            |    70 |       ||    70
       Bite              |    16 |    18 ||    34
       Dagger            |    98 |   144 ||   242
 Abil: Exsanguinate      |       |     1 ||     1
       End Transformatio |       |     1 ||     1
       Bat Form          |       |     1 ||     1
 Stab: Sleeping          |     3 |     7 ||    10
Armor: Leather armour    |    45 |    15 ||    60
Dodge: Dodged            |    88 |    35 ||   123

Table legend: (Time is in decaauts)
 A = Elapsed time spent in this place.
 B = Non-inter-level travel time spent in this place.
 C = Inter-level travel time spent in this place.
 D = Time resting spent in this place.
 E = Time spent auto-exploring this place.
 F = Levels seen in this place.
 G = Mean time per level.
                   A        B        C        D        E       F      G
               +--------+--------+--------+--------+--------+-----+--------+
         Total |   3501 |   3334 |    167 |     72 |   2690 |   4 |  875.2 |
       Dungeon |   3501 |   3334 |    167 |     72 |   2690 |   4 |  875.2 |
               +--------+--------+--------+--------+--------+-----+--------+

Top non-repeatable levels by time:
     D:3: 1614 daAuts
     D:1: 843 daAuts
     D:2: 696 daAuts
     D:4: 347 daAuts
